cohdb
Replays
Latest Replays
All Replays
Popular Replays
Top Player Replays
Match Explorer
How It Works
Community
CoH3 Stats
Reddit
Sign in to upload your games and track your stats! →
Sign in with Steam
Match 44301575
Unlisted
Match 44301575
Overview
Messages
Build Orders
End
Construct Section Command Post
Selects Indian Artillery Battlegroup
Infantry Section
Infantry Section
Grenade Package
Infantry Section
Vickers Machine Gun Team
Selects Artillery Saturation
Construct Platoon Command Post
Unlock Bishop Self-propelled Artillery
Construct Field Infirmary
Humber Armored Car
Joey
核桃里的王
小财神.
torq1
Killerbees
Me!
Husar
Pogi
0
0
Comments
sign in to comment!
No comments posted yet!